Map: Bel'Shir Vestige LE (Void)

Players

BIGFLLA - Winner!

  • Race: Protoss Protoss
  • League: Silver
  • Spawn Location: 11:00

worldeater

  • Race: Protoss Protoss
  • League: Silver
  • Spawn Location: 5:00

VOD

Have the link to the VOD?

Description

Time

  • Played on: March 21, 2017, 5:10 a.m.
  • Length: 6:14
Show
View Real Time Build Order
Export as new Build Order

BIGFLLA Protoss - Winner!

Build Orders: 1 Gate Expand 

Get SALT Encoding   

  12  0:01  Probe (Chrono Boost)  
  13  0:11  Probe (Chrono Boost)  
  14  0:19  Pylon  
  14  0:25  Probe (Chrono Boost)  
  15  0:34  Assimilator  
  15  0:39  Gateway  
  15  0:43  Probe (Chrono Boost)  
  16  0:53  Probe (Chrono Boost)  
  17  1:07  Probe (Chrono Boost)  
  18  1:17  Nexus  
  18  1:23  Probe (Chrono Boost)  
  19  1:35  Probe (Chrono Boost)  
  20  1:40  Assimilator  
  21  1:47  Probe (Chrono Boost)  
  21  1:49  Pylon  
  21  1:56  Pylon  
  21  1:58  Cybernetics Core  
  21  2:08  Probe (Chrono Boost)  
  22  2:19  Gateway  
  22  2:22  Gateway  
  22  2:30  Pylon  
  22  2:31  Warp Gate  
  22  2:33  Probe (Chrono Boost)  
  23  2:38  Probe (Chrono Boost)  
  24  2:54  Probe (Chrono Boost)  
  24  2:55  Probe (Chrono Boost)  
  26  3:01  Stalker  
  26  3:04  Probe (Chrono Boost)  
  29  3:07  Probe (Chrono Boost)  
  30  3:13  Twilight Council  
  29  3:24  Pylon  
  29  3:27  Adept x2  
  33  3:41  Forge  
  33  3:43  Resonating Glaives  
  33  3:48  Adept  
  35  3:50  Probe (Chrono Boost)  
  35  3:52  Probe (Chrono Boost)  
  37  3:59  Adept  
  37  4:01  Adept  
  41  4:09  Protoss Ground Weapons Level 1  
  41  4:31  Adept x3  
  47  4:35  Probe x2 (Chrono Boost)  
  47  4:38  Pylon  
  49  4:40  Assimilator  
  49  4:43  Assimilator  
  49  4:45  Pylon  
  49  4:47  Probe x2 (Chrono Boost)  
  51  5:16  Probe x2 (Chrono Boost)  
  55  5:28  Probe (Chrono Boost)  
  55  5:29  Probe (Chrono Boost)  
  55  5:54  Adept x3  
  61  6:11  Robotics Facility  
  61  6:14  Robotics Facility  
Show
View Real Time Build Order
Export as new Build Order

worldeater Protoss 

Build Orders: 1 Gate Expand, Nexus First 

Get SALT Encoding   

  12  0:05  Probe (Chrono Boost)  
  13  0:16  Probe (Chrono Boost)  
  14  0:28  Pylon, Probe (Chrono Boost)  
  15  0:51  Gateway  
  15  1:05  Nexus  
  15  1:07  Probe (Chrono Boost)  
  16  1:19  Pylon  
  16  1:21  Probe (Chrono Boost)  
  17  1:25  Assimilator  
  17  1:39  Forge  
  17  1:42  Zealot  
  19  1:57  Cybernetics Core  
  19  1:59  Probe (Chrono Boost)  
  20  2:09  Probe (Chrono Boost)  
  21  2:38  Stalker  
  21  2:39  Probe (Chrono Boost)  
  24  2:57  Protoss Ground Weapons Level 1  
  24  2:58  Assimilator  
  24  3:03  Probe (Chrono Boost)  
  25  3:13  Warp Gate  
  25  3:15  Probe (Chrono Boost)  
  25  3:16  Probe (Chrono Boost)  
  29  3:27  Probe (Chrono Boost)  
  29  3:28  Probe (Chrono Boost)  
  29  3:39  Probe (Chrono Boost)  
  30  3:45  Probe (Chrono Boost)  
  31  3:51  Probe (Chrono Boost)  
  33  3:57  Probe (Chrono Boost)  
  33  3:58  Pylon  
  33  4:01  Pylon  
  33  4:05  Gateway  
  33  4:06  Gateway  
  33  4:13  Twilight Council  
  33  4:23  Pylon  
  34  4:24  Probe (Chrono Boost)  
  34  4:25  Pylon  
  34  4:34  Probe (Chrono Boost)  
  34  4:37  Probe (Chrono Boost)  
  37  4:46  Probe (Chrono Boost)  
  37  4:49  Probe (Chrono Boost)  
  38  4:58  Probe (Chrono Boost)  
  44  5:01  Probe (Chrono Boost)  
  40  5:16  Stargate  
  40  5:25  Assimilator  
  40  5:29  Assimilator  
  40  5:30  Probe (Chrono Boost)  
  38  5:42  Probe (Chrono Boost)  
  38  5:49  Stalker  
  25  5:56  Stalker  
  17  5:58  Stalker  
Tags
 
Add a new tag
Caveats
  • Supply blocks, unpowered buildings, or Contaminate may cause inaccurate times.
  • Supply counts are checked every 10 seconds.